 Dungeon Crawl Stone Soup version 0.31-a0-960-g0fca184906 (webtiles) character file.

Game seed: 10225461851239481668

12 Azuregosa the Sneak (level 2, 0/21 HPs)
             Began as an Octopode Delver on Oct 23, 2023.
             Succumbed to an adder's poison
             ... on level 4 of the Dungeon.
             The game lasted 00:01:11 (41 turns).

Azuregosa the Sneak (Octopode Delver)                 Turns: 41, Time: 00:01:12

Health: 0/21       AC:  1    Str: 11    XL:     2   Next: 33%
Magic:  2/2        EV: 13    Int: 12    God:
Gold:   20         SH:  0    Dex: 13    Spells: 1/1 levels left

rFire   . . .        c - +0 war axe
rCold   . . .        (no shield)
rNeg    . . .        (helmet restricted)
rPois   .            (no amulet)
rElec   .            (no ring)
rCorr   .            (no ring)
SInv    .            (no ring)
Will    .....        (no ring)
Stlth   ++++         (no ring)
HPRegen 0.23/turn    (no ring)
MPRegen 0.08/turn    (no ring)
                     (no ring)

%: no passive effects
@: lethally poisoned (0 -> -1)
A: almost no armour, amphibious, 8 rings, camouflage 1, gelatinous body 1,
(nimble swimmer 1), tentacles
a: no special abilities


You were on level 4 of the Dungeon.
You visited 1 branch of the dungeon, and saw 2 of its levels.

You collected 20 gold pieces.

Inventory:

Hand Weapons
 a - a +0 hand axe
 c - a +0 war axe (weapon)
Wands
 f - a wand of digging (3)
Scrolls
 b - a scroll of fog
Potions
 e - a potion of haste


   Skills:
 + Level 3.4 Fighting
 + Level 2.4 Axes
 - Level 2.0 Dodging
 - Level 6.6 Stealth


You had one spell level left.
You didn't know any spells.
Your spell library was empty.

Dungeon Overview and Level Annotations

Branches:
Dungeon (5/15)
 Temple: D:4-7

Altars:

Portals:
Sewer: D:4


Innate Abilities, Weirdness & Mutations

You cannot wear most types of armour.
You are amphibious.
You can wear up to eight rings at the same time.
Your skin changes colour to match your surroundings (Stealth+).
Your rubbery body absorbs attacks. (AC +1, EV +1)
((You are camouflaged when in or above water. (Stealth+)))
You have tentacles for arms and can constrict up to eight enemies at once.


Message History

You open the door.
Found a ring mail and a club.
There is an open door here.
Found a glowing drain.
You now have 20 gold pieces.
Found a wand of digging (4).
The adder hisses angrily.
You open the door. The giant cockroach bites you.
You barely miss the giant cockroach.
The adder hisses angrily.
You grab the giant cockroach. You squeeze the giant cockroach.
You kill the giant cockroach!
The adder barely misses you.
You hit the adder but do no damage. Your grab misses the adder.
You squeeze the adder.
The adder is moderately wounded.
The adder misses you. The adder barely misses you.
You hit the adder. Your grab misses the adder.
The adder is heavily wounded.
You closely miss the adder. The adder bites you. The adder closely misses you.
The adder bites you.
You are poisoned.
The adder poisons you! The adder misses you.
You miss the adder. You grab the adder.
The adder is heavily wounded.
You completely miss the adder. You constrict the adder.
You feel sick. The adder bites you. x3
You hit the adder.
The adder is severely wounded.
You barely miss the adder. You constrict the adder.
You kill the adder!
You feel sick. The adder bites you.
* * * LOW HITPOINT WARNING * * *
The adder bites you.
* * * LOW HITPOINT WARNING * * *
You have reached level 2!
As you read the scroll of fear, it crumbles to dust.
You assume a fearsome visage.
The giant cockroach looks frightened!
The adder looks frightened!
The giant cockroach looks frightened!
You die...

#.....'...........
#.....#...........
#.....#...........
#.)...#...........
#.....#...........
##.................
#...........#######
#...#######.#
#..@#B~~~~#.
##.†SBB∩~~#.
#..#~~~~~#.
#..#######
#.........
+.....#...
+.....#../ #.....#
..


You could see an adder (fleeing) and 3 giant cockroaches.

Vanquished Creatures
  An adder (D:4)
  An orc (D:4)
  A giant cockroach (D:4)
3 creatures vanquished.

Notes
Turn   | Place    | Note
-------+----------+-------------------------------------------
     0 | D:5      | Azuregosa the Octopode Delver began the quest for the Orb.
     0 | D:5      | Reached XP level 1. HP: 16/16 MP: 1/1
    27 | D:4      | Found a glowing drain.
    41 | D:4      | Reached XP level 2. HP: 1/21 MP: 2/2
    41 | D:4      | Succumbed to an adder's poison

Illustrated notes

Levels and vault maps discovered:
D:4:      minmay_spotlight, layout_gridville,
          mainiacjoe_overflow_six_doors_small, mainiacjoe_overflow_alcove_2,
          temple_statues, gup_sewer_entry_glass, chequers_serial_rivers_micro_c,
          kennysheep_generic_room_7
D:5:      layout_layer_cave, lemuel_tele_altar, hellmonk_ghost_happy_afterlife,
          eino_small_chamber_without_monster, uniq_eustachio, uniq_pikel

Action                     || total
---------------------------++-------
  Melee: War axe           ||     5
         Constrict         ||     3
         Tentacles         ||     3
         Hand axe          ||     1
    Use: Scroll            ||     2
   Stab: Sleeping          ||     1
 Armour: Skin              ||     8
  Dodge: Dodged            ||     5

Table legend: (Time is in decaauts)
 A = Elapsed time spent in this place.
 B = Non-inter-level travel time spent in this place.
 C = Inter-level travel time spent in this place.
 D = Time resting spent in this place.
 E = Time spent auto-exploring this place.
 F = Levels seen in this place.
 G = Mean time per level.
                   A        B        C        D        E       F      G
               +--------+--------+--------+--------+--------+-----+--------+
         Total |     42 |     42 |      0 |      0 |      4 |   2 |   21.0 |
       Dungeon |     42 |     42 |      0 |      0 |      4 |   2 |   21.0 |
               +--------+--------+--------+--------+--------+-----+--------+

Top non-repeatable levels by time:
     D:4: 25 daAuts
     D:5: 17 daAuts
